 Dungeon Crawl Stone Soup version 0.27-a0-1189-gb8eb6cee8e (webtiles) character file.

Game seed: 9025338726268171267

39308 tilp the Spear-Bearer (level 14, -11/106 HPs)
             Began as a Barachi Summoner on May 22, 2021.
             Was a High Priest of Okawaru.
             Mangled by an orc warlord
             ... wielding a +2 great sword of freezing
              (13 damage)
             ... on level 2 of the Orcish Mines.
             The game lasted 01:09:04 (35179 turns).

tilp the Spear-Bearer (Barachi Summoner)           Turns: 35179, Time: 01:09:05

Health: -11/106    AC: 15    Str: 15      XL:     14   Next: 6%
Magic:  3/26       EV: 20    Int: 15 (16) God:    Okawaru [*****.]
Gold:   1510       SH:  0    Dex: 14      Spells: 11/29 levels left

rFire    . . .     SeeInvis .   a - +1 glaive (venom)
rCold    . . .     Faith    +   (shield currently unavailable)
rNeg     . . .     Spirit   .   B - +3 ring mail {rPois}
rPois    +         Reflect  .   (no helmet)
rElec    .         Harm     .   Q - scarf {+Inv}
rCorr    .         Rampage  .   P - +2 pair of gloves
Will     ++...                  m - +2 pair of boots
Stlth    +++.......             G - amulet of faith
HPRegen  0.27/turn              H - ring of willpower
MPRegen  0.20/turn              A - ring "Yleusuet" {+Blink EV+4 Str+2}

@: heroic, slow
A: amphibious, slowness 1, strong legs 2, +LOS
a: Hop, Renounce Religion, Evoke Blink, Evoke Invisibility, Heroism, Finesse


You were on level 2 of the Orcish Mines.
You worshipped Okawaru.
Okawaru was extremely pleased with you.
You visited 4 branches of the dungeon, and saw 19 of its levels.
You also visited: Sewer.

You collected 1510 gold pieces.

Inventory:

Hand Weapons
 a - a +1 glaive of venom (weapon)
 b - a +0 scimitar of flaming
 K - a +2 trident of protection
 L - a +3 halberd
Missiles
 i - a throwing net {!f}
 k - 58 poisoned darts (quivered)
 x - 7 javelins
 I - 26 boomerangs
Armour
 m - a +2 pair of boots (worn)
 B - a +3 ring mail of poison resistance (worn)
 N - the +5 ring mail of the Skies Above {Rampage rElec rF- Str+2}
   (You found it on level 1 of the Lair of Beasts)

   It affects your strength (+2).
   It makes you vulnerable to fire.
   It insulates you from electricity.
   It bestows one free step when moving towards enemies.
 P - a +2 pair of gloves (worn)
 Q - a scarf of invisibility (worn)
 R - a +2 cloak of poison resistance
Jewellery
 f - an amulet of guardian spirit
 t - an amulet of the acrobat
 A - the ring "Yleusuet" (right hand) {+Blink EV+4 Str+2}
   (You found it on level 7 of the Dungeon)

   [ring of evasion]

   It affects your evasion (+4).
   It affects your strength (+2).
   It lets you blink.
 F - a ring of resist corrosion
 G - an amulet of faith (around neck)
 H - a ring of willpower (left hand)
Wands
 g - a wand of acid (7)
 p - a wand of polymorph (13)
 q - a wand of digging (5)
 u - a wand of iceblast (8)
 E - a wand of flame (25)
 O - a wand of paralysis (10)
Scrolls
 o - 4 scrolls of holy word
 w - 3 scrolls of enchant weapon
 y - 3 scrolls of magic mapping
 C - a scroll of fear
 M - a scroll of teleportation
Potions
 c - 2 potions of attraction
 d - 4 potions of mutation
 e - a potion of curing
 h - 3 potions of flight
 j - 3 potions of cancellation
 l - 4 potions of ambrosia
 n - a potion of berserk rage {unknown}
 r - 3 potions of heal wounds
 s - a potion of brilliance {unknown}
 z - 2 potions of might
 D - 2 potions of lignification
 J - a potion of magic {unknown}
Miscellaneous
 v - a box of beasts (inert)


   Skills:
 + Level 8.5(13.5) Fighting
 + Level 14.1(19.1) Polearms
 + Level 6.6(11.6) Dodging
 - Level 4.0(9.0) Stealth
 - Level 8.4 Spellcasting
 - Level 12.0 Summonings
 - Level 4.0 Ice Magic
 - Level 4.0 Air Magic
 - Level 8.0 Invocations
 - Level 4.0 Evocations


You had 11 spell levels left.
You knew the following spells:

 Your Spells              Type           Power      Damage    Failure   Level
a - Summon Small Mammal   Summ           100%       N/A       1%          1
b - Call Imp              Summ           42%        N/A       1%          2
c - Call Canine Familiar  Summ           42%        N/A       1%          3
d - Summon Guardian Gole  Hex/Summ       24%        N/A       5%          3
e - Summon Ice Beast      Ice/Summ       30%        N/A       8%          4
f - Summon Lightning Spi  Summ/Air       30%        N/A       8%          4
g - Animate Skeleton      Necr           12%        N/A       22%         1

Your spell library contained the following spells:

 Spells                   Type           Power      Damage    Failure   Level
 Freeze                   Ice            72%        1d9       4%          1
 Frozen Ramparts          Ice            36%        1d5       12%         3
 Ozocubu's Armour         Ice            18%        N/A       12%         3
 Ensorcelled Hibernation  Hex/Ice        24%        N/A       14%         2
 Apportation              Tloc           12%        N/A       22%         1
 Corona                   Hex            6%         N/A       22%         1
 Pain                     Necr           24%        1d5       22%         1
 Sandblast                Erth           12%        2d6       22%         1
 Passwall                 Tmut/Erth      5%         N/A       32%         2
 Confusing Touch          Hex            6%         N/A       54%         3
 Dazzling Flash           Conj/Hex       12%        N/A       54%         3
 Stone Arrow              Conj/Erth      12%        3d7       54%         3
 Tukima's Dance           Hex            6%         N/A       54%         3
 Vampiric Draining        Necr           3%         2d6       54%         3
 Hailstorm                Conj/Ice       12%        3d5       67%         4
 Animate Dead             Necr           3%         N/A       91%         4
 Cause Fear               Hex            3%         N/A       91%         4
 Petrify                  Tmut/Erth      6%         N/A       91%         4
 Metabolic Englaciation   Hex/Ice        6%         N/A       95%         5
 Silence                  Hex/Air        6%         N/A       95%         5
 Agony                    Necr           6%         N/A       99%         5
 Irradiate                Conj/Tmut      3%         3d14      99%         5
 Lee's Rapid Deconstruct  Erth           3%         3d6*      99%         5
 Yara's Violent Unravell  Hex/Tmut       3%         3d4       99%         5
 Blade Hands              Tmut           3%         N/A       100%        6
 Statue Form              Tmut/Erth      4%         N/A       100%        6
 Dragon Form              Tmut           3%         N/A       100%        7
 Discord                  Hex            3%         N/A       100%        8


Dungeon Overview and Level Annotations

Branches:
Dungeon (11/15)            Temple (1/1) D:4            Lair (5/6) D:8
 Shoals (0/4) Lair:3       Spider (0/4) Lair:2        Slime (0/5) Lair:5
    Orc (2/2) D:10            Elf (0/3) Orc:2         Sewer (visited)

Altars:
Ashenzari
Cheibriados
Dithmenos
Elyvilon
Fedhas
Gozag
Hepliaklqana
Kikubaaqudgha
Makhleb
Nemelex Xobeh
Okawaru
Qazlal
Ru
Sif Muna
Trog
Uskayaw
Vehumet
Wu Jian
Xom
Yredelemnul
Zin
The Shining One
Beogh

Shops:
D:9 (   Orc:1 (

Annotations:
Lair:3 exclusion: 3 oklob plants


Innate Abilities, Weirdness & Mutations

You are amphibious.
You cover ground slowly.
You can hop long distances.
You have an extended range of vision and can be seen from far away.


Message History

The orc knight misses you.
Your wolf barely misses the orc knight.
Your ice beast hits the orc knight.
Your ice beast freezes the orc knight!
Reach: a) +1 glaive (venom)
Press: ? - help, Dir - move target, f/p - orc knight
Aim: an orc knight, wielding a +0 bardiche and wearing a +0 plate armour (severely wounded, strong, very poisoned, ally target, about 30% to evade your +1 glaive of venom)
You could not reach far enough!
Your wolf closely misses the orc knight.
The orc knight barely misses you.
Your ice beast hits the orc knight.
Your ice beast freezes the orc knight!
The orc knight dies!
Okawaru accepts your kill.
Reach: a) +1 glaive (venom)
Press: ? - help, Dir - move target, f - orc warlord
Aim: an orc warlord, wielding a +2 great sword of freezing and wearing a +3 plate armour of poison resistance (strong, ally target, about 22% to evade your +1 glaive of venom)
You slash the orc warlord!
The orc warlord is lightly wounded.
Your ice beast hits the orc warlord but does no damage.
You barely miss the orc warlord.
The orc warlord is lightly wounded.
The orc warlord hits you with a +2 great sword of freezing.
The orc warlord freezes you.
Your wolf bites the orc warlord.
Unknown command.
You slash the orc warlord!
The orc warlord is moderately wounded.
Your wolf bites the orc warlord but does no damage.
Your ice beast hits the orc warlord but does no damage.
The orc warlord hits you with a +2 great sword of freezing!!!
The orc warlord freezes you.
Unknown command.
Unknown command.
Unknown command.
You hit the orc warlord but do no damage.
The orc warlord is moderately wounded.
Your wolf barely misses the orc warlord.
Your ice beast hits the orc warlord.
Your ice beast freezes the orc warlord!
Your ice beast hits the orc warlord but does no damage.
The orc warlord hits you with a +2 great sword of freezing!!!
* * * LOW HITPOINT WARNING * * *
The orc warlord freezes you!
You die...

.)[...# .....o#
...)..##### #####
....[.[...# ###...#
.......[.##### ##.##.###
........[)#..###...[[.<##
........).....##))...[..#
..#..<........[....[.#.##
.........)....ho@.....##
..#......[[..8YY..)....#
.........)..[[....###.##
.........).[.......##.##
...................#...#
....................#..##
........................#
...._.............#..#.##
............#.....#...##


You could see an orc warlord (strong, ally target), 2 friendly ice beasts, a
friendly wolf (summoned) and a friendly lightning spire (summoned).

Vanquished Creatures
  2 hydras
  A boulder beetle (Lair:3)
  A catoblepas (Lair:4)
  2 dancing weapons (D:8)
  2 two-headed ogres (D:11)
  2 orc high priests (Orc:2)
  A deep elf knight (Orc:2)
  2 oklob plants
  A lindwurm (Lair:5)
  An orc knight (Orc:2)
  2 orc sorcerers (Orc:2)
  5 centaur zombies
  5 black mambas
  6 elephants (Lair:3)
  2 merfolk sirens (Lair:3)
  13 cane toads
  A torpor snail (Lair:5)
  8 komodo dragons
  A polar bear (Lair:4)
  Prince Ribbit (D:5)
  A blink frog (Lair:3)
  A redback (Lair:2)
  Sigmund (D:3)
  A nameless horror (D:2)
  4 wyverns
  21 yaks
  2 steam dragons
  2 basilisks (Lair:3)
  2 vampire mosquitoes (D:10)
  Edmund (D:6)
  14 orc warriors
  11 water moccasins
  A swamp drake (D:8)
  17 wolves
  3 ogres
  A phantom (D:6)
  A necrophage (D:10)
  2 centaurs
  Blork the orc (D:6)
  12 bullfrogs
  Dowan (D:6)
  A scorpion (Lair:2)
  13 killer bees
  11 wights
  2 howler monkeys (D:9)
  A hound (D:5)
  A jelly (Lair:5)
  12 orc priests
  3 centaur skeletons
  11 orc wizards
  A hell rat (Lair:4)
  2 howler monkey skeletons (D:7)
  3 adders
  A river rat (D:5)
  An ufetubus (D:4)
  An adder skeleton (D:4)
  4 worms
  27 orcs
  14 endoplasms
  12 giant cockroaches
  A goblin (D:4)
  6 hobgoblins
  3 jackals
  5 kobolds
  8 quokkas
  8 ball pythons
  A bat (D:2)
  11 frilled lizards
  A rat (D:5)
324 creatures vanquished.

Vanquished Creatures (collateral kills)
  A hydra (Lair:5)
  Erolcha (D:11)
  A two-headed ogre (D:9)
  Erica (D:11)
  An orc high priest (Orc:2)
  An orc knight (Orc:2)
  3 orc sorcerers (Orc:2)
  4 centaur zombies
  A cane toad (Lair:2)
  A rime drake (Lair:4)
  A komodo dragon (D:8)
  A troll (D:11)
  A wyvern (D:8)
  9 yaks
  A basilisk (Lair:4)
  A steam dragon (D:7)
  A vampire mosquito (D:10)
  Menkaure (D:5)
  Duvessa (D:6)
  3 water moccasins
  8 orc warriors
  An ice beast (D:4)
  A sky beast (D:6)
  A necrophage (D:6)
  A black bear (D:6)
  2 wolves (Lair:2)
  2 ogres
  2 phantoms
  2 kobold brigands
  3 bullfrogs
  A scorpion (D:3)
  A wyvern zombie (D:8)
  A water moccasin skeleton (D:5)
  2 killer bees (D:9)
  4 wights
  A bullfrog zombie (D:5)
  A jelly (Lair:5)
  10 orc priests
  A bullfrog skeleton (D:6)
  Ijyb (D:3)
  3 hell rats (Lair:4)
  An iguana (D:3)
  10 orc wizards
  4 adders
  A river rat (D:5)
  4 worms
  40 orcs
  A bat (D:2)
  13 endoplasms
  A giant cockroach (Sewer)
  4 goblins
  5 hobgoblins
  8 jackals
  4 quokkas
  5 ball pythons
  4 frilled lizards
  6 kobolds
  4 rats
199 creatures vanquished.

Vanquished Creatures (others)
  An orc wizard (D:8)
  4 orcs (D:8)
  12 fungi
  50 plants
  2 withered plants (D:3)
69 creatures vanquished.

Grand Total: 592 creatures vanquished

Notes
Turn   | Place    | Note
-------+----------+-------------------------------------------
     0 | D:1      | tilp the Barachi Summoner began the quest for the Orb.
     0 | D:1      | Reached XP level 1. HP: 13/13 MP: 3/3
   281 | D:1      | Reached skill level 1 in Fighting
   613 | D:1      | Reached XP level 2. HP: 22/22 MP: 0/5
   616 | D:1      | Learned a level 2 spell: Call Imp
   623 | D:1      | Learned a level 1 spell: Animate Skeleton
  1941 | D:2      | Reached XP level 3. HP: 29/29 MP: 0/6
  2079 | D:2      | Reached skill level 5 in Summonings
  3355 | D:3      | Noticed Sigmund
  3362 | D:2      | Learned a level 3 spell: Call Canine Familiar
  3771 | D:3      | Noticed a nameless horror
  3778 | D:2      | Killed a nameless horror
  4046 | D:3      | Reached XP level 4. HP: 19/35 MP: 3/8
  4099 | D:3      | HP: 1/35 [orc priest/divine providence (11)]
  5113 | D:3      | Noticed Ijyb
  5124 | D:3      | Killed Ijyb
  5252 | D:3      | Found a faded altar of an unknown god.
  5553 | D:3      | Noticed a scorpion
  5560 | D:3      | Killed a scorpion
  5561 | D:3      | Reached XP level 5. HP: 41/41 MP: 0/9
  5858 | D:4      | Noticed an ice beast
  5874 | D:4      | HP: 1/41 [ice beast (12)]
  5878 | D:4      | Killed an ice beast
  5879 | D:4      | Reached XP level 6. HP: 2/48 MP: 1/10
  6284 | D:4      | Noticed a sky beast
  6597 | D:4      | Found a staircase to the Ecumenical Temple.
  6614 | Temple   | Entered the Ecumenical Temple
  6686 | Temple   | Became a worshipper of Warmaster Okawaru
  7506 | D:5      | Entered Level 5 of the Dungeon
  7506 | D:5      | Noticed Menkaure
  7627 | D:5      | Noticed a water moccasin
  7653 | D:5      | Killed a water moccasin
  7654 | D:5      | Reached XP level 7. HP: 28/54 MP: 2/11
  7723 | D:5      | Killed Menkaure
  7800 | D:5      | Found a glowing drain.
  7825 | Sewer    | Entered a sewer
  7900 | Sewer    | Reached * piety under Okawaru
  8954 | D:5      | Reached XP level 8. HP: 60/60 MP: 6/14
  9050 | D:5      | Reached ** piety under Okawaru
  9131 | D:5      | Noticed Prince Ribbit
  9144 | D:5      | Killed Prince Ribbit
  9530 | D:6      | Reached skill level 1 in Evocations
  9580 | D:6      | Noticed Duvessa
  9580 | D:6      | Noticed Dowan
  9609 | D:6      | Killed Duvessa
  9617 | D:6      | Killed Dowan
 10078 | D:6      | Noticed Blork the orc
 10085 | D:6      | Killed Blork the orc
 10092 | D:6      | Reached skill level 5 in Invocations
 10154 | D:6      | Reached *** piety under Okawaru
 10155 | D:6      | Reached XP level 9. HP: 62/65 MP: 8/15
 10329 | D:6      | Noticed Edmund
 10890 | D:6      | Reached skill level 1 in Polearms
 11383 | D:6      | Killed Edmund
 11384 | D:6      | Reached skill level 2 in Polearms
 11764 | D:7      | Reached skill level 3 in Polearms
 12015 | D:7      | Reached skill level 4 in Polearms
 12528 | D:7      | Identified the ring "Yleusuet" {+Blink EV+4 Str+2}
 13110 | D:8      | Reached skill level 5 in Polearms
 13559 | D:8      | Reached **** piety under Okawaru
 13730 | D:8      | Reached skill level 6 in Polearms
 13760 | D:8      | Noticed a +0 hand axe
 13885 | D:8      | Noticed a +0 dagger
 13888 | D:8      | Found a hide-covered altar of Uskayaw.
 14356 | D:8      | Found a shimmering altar of Xom.
 14358 | D:8      | Found a hazy altar of Hepliaklqana.
 14359 | D:8      | Found a broken altar of Ashenzari.
 14372 | D:8      | Killed a +0 dagger
 14373 | D:8      | Reached skill level 8 in Polearms
 14373 | D:8      | Reached XP level 10. HP: 55/71 MP: 8/16
 14489 | D:8      | Killed a +0 hand axe
 14489 | D:8      | Reached ***** piety under Okawaru
 14589 | D:8      | Found a blossoming altar of Fedhas.
 15212 | D:8      | Reached skill level 10 in Summonings
 15416 | D:8      | Reached skill level 5 in Fighting
 15485 | D:8      | Found a staircase to the Lair.
 15887 | D:9      | Noticed a two-headed ogre
 16214 | D:9      | Found a hazy altar of Hepliaklqana.
 16221 | D:9      | Reached skill level 5 in Dodging
 16367 | D:9      | Found a stormy altar of Qazlal.
 16885 | D:9      | Found Ochoanuz's Antique Weapon Shoppe.
 17167 | D:9      | Found an ancient bone altar of Kikubaaqudgha.
 17404 | D:10     | Entered Level 10 of the Dungeon
 17454 | D:10     | Received a gift from Okawaru
 17503 | D:10     | Reached XP level 11. HP: 86/86 MP: 15/17
 17662 | D:10     | Found a shadowy altar of Dithmenos.
 18383 | D:10     | Found a staircase to the Orcish Mines.
 18697 | D:10     | Reached skill level 9 in Polearms
 18951 | D:10     | Received a gift from Okawaru
 19323 | D:11     | Noticed Erica
 19493 | Lair:1   | Entered Level 1 of the Lair of Beasts
 19521 | Lair:1   | Noticed an eight-headed hydra
 19531 | Lair:1   | Killed an eight-headed hydra
 19771 | Lair:1   | Reached skill level 10 in Polearms
 20098 | Lair:1   | Identified the +2 short sword of the Penguin {vamp, rF+
                  | Dex+4} (Okawaru gifted it to you on level 1 of the Lair of
                  | Beasts)
 20098 | Lair:1   | Received a gift from Okawaru
 20667 | Lair:1   | Reached skill level 11 in Polearms
 20673 | Lair:1   | Identified the +5 ring mail of the Skies Above {Rampage
                  | rElec rF- Str+2}
 21731 | Lair:2   | Found a hole to the Spider Nest.
 21837 | Lair:2   | Reached skill level 12 in Polearms
 21837 | Lair:2   | Reached XP level 12. HP: 52/92 MP: 12/18
 21897 | Lair:2   | Learned a level 3 spell: Summon Guardian Golem
 21902 | Lair:2   | Learned a level 4 spell: Summon Ice Beast
 22275 | Lair:2   | Received a gift from Okawaru
 23328 | Lair:2   | HP: 3/92 [cane toad (12)]
 23346 | Lair:2   | Reached skill level 13 in Polearms
 24093 | Lair:3   | Received a gift from Okawaru
 24197 | Lair:3   | Reached skill level 14 in Polearms
 24469 | Lair:3   | Found a staircase to the Shoals.
 24488 | Lair:3   | Reached ****** piety under Okawaru
 24489 | Lair:3   | Reached skill level 1 in Ice Magic
 25224 | Lair:3   | Noticed a boulder beetle
 25237 | Lair:3   | Killed a boulder beetle
 25469 | Lair:4   | Noticed a catoblepas
 25486 | Lair:4   | Killed a catoblepas
 25487 | Lair:4   | Reached skill level 5 in Spellcasting
 25656 | Lair:4   | Gained mutation: You can hop long distances. [Barachi
                  | growth]
 25656 | Lair:4   | Reached XP level 13. HP: 79/98 MP: 20/20
 25676 | Lair:4   | Learned a level 4 spell: Summon Lightning Spire
 27283 | Lair:5   | Found a blossoming altar of Fedhas.
 27521 | Lair:5   | Received a gift from Okawaru
 27985 | Lair:5   | Found a staircase to the Slime Pits.
 30161 | D:3      | Found a faded altar of an unknown god.
 30200 | D:3      | Killed Sigmund
 30384 | D:9      | Reached skill level 1 in Air Magic
 30692 | D:11     | Killed Erica
 30976 | D:11     | Noticed Erolcha
 30994 | D:11     | Killed Erolcha
 32172 | Orc:1    | Entered Level 1 of the Orcish Mines
 32509 | Orc:1    | Received a gift from Okawaru
 32806 | Orc:1    | Found Ankin's Weapon Emporium.
 32888 | Orc:2    | Entered Level 2 of the Orcish Mines
 32888 | Orc:2    | Found a bloodstained altar of Trog.
 33080 | Orc:2    | Found a staircase to the Elven Halls.
 34001 | Orc:2    | Received a gift from Okawaru
 34471 | Orc:2    | Reached XP level 14. HP: 60/106 MP: 2/26
 35165 | Orc:2    | Noticed an orc warlord
 35179 | Orc:2    | HP: 2/106 [orc warlord/+2 great sword of freezing (46)]
 35179 | Orc:2    | Mangled by an orc warlord

Illustrated notes

Levels and vault maps discovered:
D:1:      lemuel_arrival_hallway, layout_basic, serial_forest,
          infiniplex_forest_corner_1, infiniplex_forest_clump_long,
          infiniplex_forest_3_way, infiniplex_forest_diagonal,
          infiniplex_forest_clump_long, infiniplex_forest_straight_4
D:2:      layout_basic, kennysheep_doodads
D:3:      layout_basic, shapermc_ecumenical_altar_flowoftime, uniq_sigmund,
          uniq_ijyb
D:4:      layout_basic, minmay_temple_entry_wispy, serial_curves,
          eino_curves_03, eino_curves_03
D:5:      layout_loops_corners, lightli_sewer_entry_pipes,
          chequers_serial_rivers_large_a, grunt_decor_fettered,
          columned_hall_lemuel, uniq_menkaure, uniq_prince_ribbit1
D:6:      layout_basic, uniq_duvessa, uniq_edmund, uniq_blork_the_orc
D:7:      layout_basic, serial_corexii_hall, corexii_hall_statues_deadend,
          corexii_hall_statues_u
D:8:      layout_loops_ring, dancing_weapons_uskayaw, general_overflow_altar,
          grunt_temple_overflow_open, erik_lair_dragon,
          kennysheep_generic_room_2
D:9:      layout_layer_cave, kennysheep_mini_moat, serial_shops,
          nicolae_shop_competitors_out_of_business, hangedman_feature_mirror
D:10:     layout_loops_ring, lemuel_doored_altar, david_orc_5, serial_undead,
          serial_undead_a, serial_undead_b, serial_undead_a, serial_undead_a
D:11:     layout_irregular_city, uniq_erica, uniq_erolcha
Temple:   eino_wide_crystal_templ
Lair:1:   layout_chaotic_city, chequers_serial_rivers_micro_c
Lair:2:   layout_cave_pods, spider_nest_entry_a, grunt_megastairs_1
Lair:3:   layout_loops_ring, elwin_shoals_entry_rooms, nzn_sisyphean_effort,
          grunt_megastairs_2, infiniplex_staircase_pool, lemuel_fruit_tree,
          minmay_lair_oklob_chamber
Lair:4:   layout_cave_pods, minivault_23, serial_bayou_pond_a,
          grunt_megastairs_3
Lair:5:   layout_layer_cave, nicolae_slime_entry_slimehenge,
          nicolae_volcano_entry_vermiform, tgw_fedhas
Orc:1:    layout_caves, serial_shops, nicolae_shop_behind_doors
Orc:2:    st_orc_congregation, layout_caves, basic_altar, elf_legates

Skill      XL: |  1  2  3  4  5  6  7  8  9 10 11 12 13 |
---------------+----------------------------------------+-----
Fighting       | 1 3 4 7 8 |  8.5
Summonings     | 5 6 8 10 12 | 12.0
Spellcasting   | 3 4 5 8 |  8.4
Stealth        | 2 4 |  4.0
Dodging        | 3 4 5 6 |  6.6
Invocations    | 5 6 8 |  8.0
Evocations     | 3 4 |  4.0
Polearms       | 8 12 14 | 14.1
Ice Magic      | 3 4 |  4.0
Air Magic      | 4 |  4.0

Action                   |  1- 3 |  4- 6 |  7- 9 | 10-12 | 13-15 || total
-------------------------+-------+-------+-------+-------+-------++-------
Melee: Unarmed           |     3 |       |       |       |       ||     3
       Dagger            |    73 |       |       |       |       ||    73
       Morningstar       |     8 |    56 |       |       |       ||    64
       Whip              |       |    40 |   285 |       |       ||   325
       Punch             |       |       |     1 |     4 |       ||     5
       Trident           |       |       |   127 |   489 |       ||   616
       Glaive            |       |       |       |   316 |   382 ||   698
Throw: Dart              |       |     5 |    16 |    18 |     7 ||    46
 Cast: Summon Small Mamm |    37 |     3 |       |       |       ||    40
       Call Imp          |    48 |    30 |    37 |    21 |       ||   136
       Call Canine Famil |     1 |    13 |    48 |    65 |     8 ||   135
       Animate Skeleton  |     1 |       |       |       |       ||     1
       Summon Ice Beast  |       |       |       |     6 |   104 ||   110
       Summon Lightning  |       |       |       |       |    20 ||    20
       Summon Guardian G |       |       |       |       |     1 ||     1
Invok: Heroism           |       |       |    11 |    16 |     9 ||    36
 Abil: Hop               |     5 |     5 |     5 |     6 |     5 ||    26
       Evoke Blink       |       |       |     5 |       |       ||     5
Evoke: Wand              |       |       |    12 |     4 |     1 ||    17
       Box of beasts     |       |       |       |     1 |     1 ||     2
  Use: Scroll            |     6 |     1 |     7 |    10 |     2 ||    26
       Potion            |       |     2 |     2 |     4 |       ||     8
 Stab: Sleeping          |     1 |     1 |     6 |     5 |     4 ||    17
       Distracted        |       |       |     9 |    12 |    10 ||    31
       Confused          |       |       |       |     2 |       ||     2
       Paralysed         |       |       |       |     2 |       ||     2
Armor: Robe              |     5 |       |       |       |       ||     5
       Ring mail         |    17 |    20 |   130 |   218 |   179 ||   564
Dodge: Dodged            |   102 |    78 |   311 |   697 |   374 ||  1562

Table legend: (Time is in decaauts)
 A = Elapsed time spent in this place.
 B = Non-inter-level travel time spent in this place.
 C = Inter-level travel time spent in this place.
 D = Time resting spent in this place.
 E = Time spent auto-exploring this place.
 F = Levels seen in this place.
 G = Mean time per level.
                   A        B        C        D        E       F      G
               +--------+--------+--------+--------+--------+-----+--------+
         Total |  38256 |  35483 |   2773 |  10226 |  20038 |  20 | 1912.8 |
       Dungeon |  23482 |  21177 |   2305 |   5479 |  12539 |  11 | 2134.7 |
        Temple |    101 |     67 |     34 |      0 |     60 |   1 |  101.0 |
          Lair |  10841 |  10466 |    375 |   3068 |   6277 |   5 | 2168.2 |
  Orcish Mines |   3152 |   3094 |     58 |   1539 |    962 |   2 | 1576.0 |
         Sewer |    678 |    678 |      0 |    139 |    198 |   1 |  678.0 |
               +--------+--------+--------+--------+--------+-----+--------+

Top non-repeatable levels by time:
     D:2: 3256 daAuts
     D:8: 2848 daAuts
  Lair:5: 2754 daAuts
  Lair:2: 2622 daAuts
     D:6: 2355 daAuts
    D:10: 2322 daAuts
     D:7: 2317 daAuts
     D:9: 2007 daAuts
     D:3: 2004 daAuts
  Lair:4: 1996 daAuts
  Lair:3: 1879 daAuts
    D:11: 1719 daAuts
  Lair:1: 1587 daAuts
     D:5: 1581 daAuts
   Orc:1: 1579 daAuts
